AoeStats
← vindonissa

Hill Fort

506900907Analyzed
4v4 RM · 18d ago on Sep 15, 2026· 43m 39s· 8 players
Game mode
Random Map
Map size
Large (8 player)
Population
200
Speed
Normal
Resources
Standard
Victory
Conquest
Starting age
Dark Age
Ending age
Imperial Age
RankedLock teamsTeams togetherTeam positionsShared explorationLock speedFull tech treeHidden civsTurbo modeCheats
Victory
Defeat
🇩🇪 Shu · Germany
1372
+14
🇪🇸 Spanish · Spain
1354
+14
🇫🇷 Goths · France
1298
+17
🇦🇷 Maya · Argentina
1268
+18
🇩🇪 Cumans · Germany
1375
-17
🇨🇭 Britons · Switzerland
1362
-18
🇨🇦 Mongols · Canada
1293
-15
🇫🇷 Hindustanis · France
1238
-13
Leillow23
0:43 Loom
10:03 Feudal Age
17:59 Castle Age
15:58 Double-Bit Axe
16:09 Man-at-Arms
18:22 Wheelbarrow
17:31 Horse Collar
18:44 Long Swordsman
19:46 Heavy Plow
24:42 Wheelbarrow
25:53 Squires
32:24 Imperial Age
30:49 Anarchy
31:46 Forging
31:36 Scale Mail Armor
33:29 Conscription
33:51 Perfusion
34:38 Iron Casting
34:20 Chain Mail Armor
33:40 Pikeman
34:56 Bow Saw
35:25 Elite Huskarl
39:46 Blast Furnace
39:09 Hand Cart
40:04 Two-Man Saw
39:39 Crop Rotation
39:07 Halberdier
Vilkian
0:26 Loom
10:37 Feudal Age
12:46 Double-Bit Axe
13:33 Horse Collar
15:56 Wheelbarrow
19:33 Gold Mining
22:00 Castle Age
23:17 Bow Saw
22:29 Crossbowman
23:42 Heavy Plow
27:16 Fletching
27:37 Forging
28:48 Hand Cart
29:02 Padded Archer Armor
29:26 Bodkin Arrow
33:07 Imperial Age
32:13 Thumb Ring
32:43 Ballistics
33:02 Leather Archer Armor
32:18 Elite Skirmisher
33:30 Stone Mining
34:07 Arbalester
35:56 Chemistry
34:57 Bracer
36:19 Ring Archer Armor
37:35 Two-Man Saw
40:58 Town Watch
41:54 Hul'che Javelineers
42:16 Conscription
42:33 Hoardings
42:12 Masonry
WiBii5000
8:47 Loom
10:35 Feudal Age
13:03 Horse Collar
13:12 Double-Bit Axe
18:28 Castle Age
17:42 Fletching
18:38 Wheelbarrow
19:06 Town Watch
18:44 Crossbowman
19:21 Bodkin Arrow
19:29 Padded Archer Armor
20:08 Thumb Ring
21:45 Gold Mining
23:18 Bow Saw
23:10 Heavy Plow
30:05 Imperial Age
28:29 Leather Archer Armor
29:07 Gold Shaft Mining
29:42 Ballistics
30:50 Bracer
30:43 Arbalester
34:42 Chemistry
34:45 Hand Cart
38:40 Guilds
43:53 Caravan
jwinnfield.trash
10:26 Feudal Age
14:50 Castle Age
12:44 Double-Bit Axe
15:51 Bow Saw
25:21 Horse Collar
27:08 Padded Archer Armor
28:04 Gold Mining
28:04 Stone Mining
28:51 Wheelbarrow
28:01 Loom
28:02 Town Watch
29:32 Husbandry
29:42 Bloodlines
33:43 Imperial Age
32:31 Leather Archer Armor
33:46 Hand Cart
35:04 Ring Archer Armor
35:03 Elite Conquistador
37:34 Conscription
37:44 Heavy Plow
38:45 Two-Man Saw
38:43 Light Cavalry
39:29 Scale Barding Armor
40:02 Hussar
41:03 Chain Barding Armor
41:20 Forging
42:40 Plate Barding Armor
44:41 Iron Casting
vindonissa
5:24 Loom
8:15 Feudal Age
11:45 Horse Collar
15:24 Double-Bit Axe
21:35 Castle Age
22:25 Bow Saw
23:52 Heavy Plow
26:39 Wheelbarrow
29:06 Gold Mining
29:09 Stone Mining
31:10 Gold Shaft Mining
31:21 Scale Mail Armor
31:31 Forging
31:22 Padded Archer Armor
31:12 Fletching
33:56 Imperial Age
31:41 Hand Cart
31:13 Treadmill Crane
31:27 Pikeman
32:08 Squires
32:25 Chain Mail Armor
33:46 Iron Casting
33:22 Masonry
33:48 Ballistics
33:49 Leather Archer Armor
33:58 Bodkin Arrow
34:36 Elite Longbowman
36:32 Two-Man Saw
36:20 Conscription
37:09 Chemistry
37:12 Ring Archer Armor
36:48 Bracer
38:27 Ring Archer Armor
39:24 Yeomen
39:34 Caravan
40:10 Town Watch
41:01 Iron Casting
40:41 Masonry
anat03
10:52 Feudal Age
16:06 Castle Age
13:54 Loom
14:24 Double-Bit Axe
15:10 Gold Mining
15:01 Horse Collar
16:57 Wheelbarrow
16:24 Loom
17:15 Wheelbarrow
17:33 Bow Saw
20:43 Scale Mail Armor
20:55 Forging
23:34 Chain Mail Armor
25:55 Iron Casting
26:51 Stone Mining
27:39 Gold Shaft Mining
27:05 Heavy Plow
27:27 Squires
29:12 Hand Cart
29:04 Scale Barding Armor
30:29 Stone Mining
31:13 Chain Barding Armor
30:55 Husbandry
31:06 Bloodlines
33:58 Imperial Age
31:46 Bloodlines
33:28 Stone Shaft Mining
34:20 Grand Trunk Road
34:08 Heavy Camel Rider
35:24 Plate Barding Armor
35:52 Blast Furnace
35:39 Conscription
36:28 Imperial Camel Rider
43:18 Chemistry
the_kiri
7:15 Loom
9:47 Feudal Age
10:42 Double-Bit Axe
10:46 Horse Collar
19:53 Wheelbarrow
23:16 Castle Age
21:39 Fletching
22:49 Bloodlines
23:09 Scale Barding Armor
31:45 Capped Ram
34:46 Bow Saw
35:14 Hand Cart
38:07 Imperial Age
38:22 Chain Barding Armor
38:07 Town Watch
39:14 Forging
38:42 Cavalier
Schvank
10:55 Feudal Age
13:50 Double-Bit Axe
14:45 Horse Collar
17:50 Castle Age
16:16 Gold Mining
16:34 Loom
18:52 Bow Saw
19:19 Wheelbarrow
19:03 Fletching
19:14 Padded Archer Armor
19:26 Town Watch
20:01 Bodkin Arrow
21:02 Padded Archer Armor
23:08 Ballistics
23:35 Heavy Plow
25:15 Leather Archer Armor
26:58 Bloodlines
26:48 Husbandry
29:22 Thumb Ring
30:45 Wheelbarrow
32:23 Gold Shaft Mining
34:05 Hand Cart
38:59 Imperial Age
39:02 Elite Mangudai
40:25 Parthian Tactics
40:04 Bracer
41:48 Chemistry
Connection lost

Rejoining the realm…

Still unreachable

The connection could not be restored.

Session expired

The server has moved on; the page needs a fresh start.